 Dungeon Crawl Stone Soup version 0.29.0-4-gdea44cf6ec (webtiles) character file.

Game seed: 3637036142385877270

14 qw the Sneak (level 2, -2/19 HPs)
             Began as a Gargoyle Delver on Sept 10, 2022.
             Killed by divine providence
             ... invoked by an orc priest
              (9 damage)
             ... on level 4 of the Dungeon.
             The game lasted 00:00:08 (548 turns).

qw the Sneak (Gargoyle Delver)                       Turns: 548, Time: 00:00:09

Health: -2/19      AC:  5    Str: 15    XL:     2   Next: 41%
Magic:  2/2        EV: 11    Int: 10    God:
Gold:   7          SH:  0    Dex: 11    Spells: 1/1 levels left

rFire   . . .      SeeInvis .   a - +0 hand axe
rCold   . . .      Faith    .   (no shield)
rNeg    + . .      Spirit   .   b - +0 leather armour
rPois   inf        Reflect  .   (no helmet)
rElec   +          Harm     .   (no cloak)
rCorr   .          Rampage  .   (no gloves)
Will    .....                   (no boots)
Stlth   +++.......              (no amulet)
HPRegen 0.06/turn               (no ring)
MPRegen 0.08/turn               (no ring)

@: no status effects
A: sickness immunity, AC +2, negative energy resistance 1, electricity
resistance, torment resistance 1, petrification resistance
a: no special abilities


You were on level 4 of the Dungeon.
You visited 1 branch of the dungeon, and saw 2 of its levels.

You collected 7 gold pieces.


Innate Abilities, Weirdness & Mutations

You are immune to sickness and miasma.
Your stone body is resilient. (AC +2)
You are immune to poison.
You resist negative energy. (rN+)
You are resistant to electric shocks. (rElec)
You are resistant to unholy torment.
You are immune to petrification.


   Skills:
 - Level 3.2 Fighting
 + Level 2.7 Axes
 - Level 1.5 Dodging
 - Level 5.4 Stealth


You had one spell level left.
You didn't know any spells.
Your spell library was empty.

Inventory:

Hand Weapons
 a - a +0 hand axe (weapon)
Armour
 b - a +0 leather armour (worn)
Wands
 g - a wand of digging (3)
Potions
 f - a potion of haste

Dungeon Overview and Level Annotations

Branches:
Dungeon (5/15)
 Temple: D:4-7

Altars:

Shops:
D:4 !


Message History

The adder misses you.
You closely miss the adder.
The adder is heavily wounded.
The adder bites you but does no damage. The adder bites you.
You slash the adder!
You kill the adder!
You have reached level 2!
You hit the endoplasm.
The endoplasm is almost dead.
The endoplasm freezes you.
You are frozen.
The endoplasm freezes you.
You are frozen.
You slash the endoplasm!
You kill the endoplasm!
You start resting.
An orc comes into view. It is wielding a +0 flail.
531 ||| Stepping ~*~*~tactically~*~*~ (stealth).
You start resting.
An orc priest comes into view. It is wielding a +0 club.
An orc wizard comes into view. It is wielding a +0 dagger.
You catch the helpless orc priest completely off-guard!
You hit the orc priest.
The orc priest is lightly wounded.
The orc priest hits you with a +0 club.
The orc wizard shouts!
You hit the orc priest.
The orc priest is moderately wounded.
You hear a shout! x3
An orc comes into view. It is wielding a +0 dagger.
The orc priest invokes the aid of Beogh against you.
Pain shoots through your body!
The orc wizard casts a spell.
The orc wizard flickers and vanishes!
Deactivating autopickup; reactivate with Ctrl-A.
You barely miss the orc priest.
The orc priest is moderately wounded.
The orc priest invokes the aid of Beogh against you.
Beogh smites you!
You die...

................
...............
####.......#####
#..........#
#.#...\....# #
#.#........#####
###.#.............
#...#.####........
#@###.# #........
#.o..o....#
#........
#.###.#####
#........ #.#
##.###### #.# ...
... ... #.. #..


You could see an orc priest and an orc.

Vanquished Creatures
  An adder (D:4)
  An orc (D:4)
  2 endoplasms (D:4)
4 creatures vanquished.

Notes
Turn   | Place    | Note
-------+----------+-------------------------------------------
     0 | D:5      | qw the Gargoyle Delver began the quest for the Orb.
     0 | D:5      | Reached XP level 1. HP: 14/14 MP: 1/1
     0 | D:5      | 0 ||| qw: Version: 0.1-a-116-g5d60599
     0 | D:5      | 0 ||| qw: Game counter: 8143
     0 | D:5      | 0 ||| qw: Always use a shield: true
     0 | D:5      | 0 ||| qw: God list: Okawaru
     0 | D:5      | 0 ||| qw: Allow faded altars: false
     0 | D:5      | 0 ||| qw: Do Orc after D:15 true
     0 | D:5      | 0 ||| qw: Do second Lair branch before Depths: true
     0 | D:5      | 0 ||| qw: Lair rune preference: random
     0 | D:5      | 0 ||| qw: Plans: Normal
     0 | D:5      | 0 ||| PLANNING D:1-11
     0 | D:5      | 0 ||| DROPPING scroll of fog.
     1 | D:5      | 1 ||| DROPPING scroll of magic mapping.
     2 | D:5      | 2 ||| DROPPING scroll of fear.
    21 | D:4      | HP: 3/14 [orc/+0 dagger (3)]
   109 | D:4      | 109 ||| Stepping ~*~*~tactically~*~*~ (stealth).
   110 | D:4      | 110 ||| Stepping ~*~*~tactically~*~*~ (stealth).
   452 | D:4      | Found Doecsagu's Distillery.
   461 | D:4      | 461 ||| SHOPLISTING potion of curing (39 gold, have 7).
   461 | D:4      | 461 ||| SHOPLISTING potion of haste (130 gold, have 7).
   461 | D:4      | 461 ||| SHOPLISTING potion of mutation (104 gold, have 7).
   487 | D:4      | Reached XP level 2. HP: 14/19 MP: 2/2
   531 | D:4      | 531 ||| Stepping ~*~*~tactically~*~*~ (stealth).
   548 | D:4      | Killed from afar by an orc priest

Levels and vault maps discovered:
D:4:      layout_basic, tgw_sif, gammafunk_ghost_icy, serial_shops, shop
D:5:      layout_cave_pools, minmay_temple_entry_mist, st_stairs_6,
          kennysheep_decorative_pillar, serial_bayou_pond_c

Skill      XL: |  1 |
---------------+----+-----
Axes           | 2 |  2.7
Fighting       | |  3.2
Dodging        | |  1.5
Stealth        | |  5.4

Action                   || total
-------------------------++-------
Melee: Hand axe          ||    24
 Stab: Distracted        ||     1
Armor: Leather armour    ||     7
Dodge: Dodged            ||     5

Table legend:
 A = Non-vault XP
 B = Vault XP
 C = Vault XP percentage of total XP
 D = Non-vault monster count
 E = Vault monster count
 F = Vault count percentage of total count
                 A         B        C        D         E       F
            +---------+---------+-------+---------+---------+-------
      Total |      20 |       0 |   0.0 |       4 |       0 |   0.0
            +---------+---------+-------+---------+---------+-------
        D:4 |      20 |       0 |   0.0 |       4 |       0 |   0.0
            +---------+---------+-------+---------+---------+-------
